 Dungeon Crawl Stone Soup version 0.27-a0-1500-g450c7e4133 (webtiles) character file.

Game seed: 15247539443650168647

383 lunkers the Insei (level 7, -1/49 HPs)
             Began as a Djinni Warper on July 7, 2021.
             Slain by an orc (20 damage)
             ... on level 3 of the Dungeon.
             The game lasted 00:07:56 (4583 turns).

lunkers the Insei (Djinni Warper)                   Turns: 4583, Time: 00:07:57

Health: -1/49      AC:  3    Str: 10    XL:     7   Next: 5%
Gold:   102        EV: 11    Int: 16    God:
                   SH:  0    Dex: 13

rFire    + + .     SeeInvis .     - Unarmed
rCold    x . .     Faith    .   (no shield)
rNeg     . . .     Spirit   .   a - +0 leather armour
rPois    ∞         Reflect  .   (helmet currently unavailable)
rElec    .         Harm     .   (no cloak)
rCorr    .         Rampage  .   (no gloves)
Will     .....                  (boots unavailable)
Stlth    +.........             (no amulet)
HPRegen  0.16/turn              (no ring)
MPRegen  0.00/turn              (no ring)

@: appendages, wereblooded, flying
A: horns 2, flying, sickness immunity, fire resistance 2, cold vulnerability 1,
float, innate caster, hp casting, extra vitality 1
a: End Transformation


You were on level 3 of the Dungeon.
You had temporarily grown beastly horns.
You visited 1 branch of the dungeon, and saw 3 of its levels.

You collected 102 gold pieces.

Inventory:

Missiles
 c - 3 boomerangs of dispersal
Armour
 a - a +0 leather armour (worn)
Wands
 j - a wand of flame (8)
Scrolls
 b - a scroll of blinking
 f - a scroll of silence {unknown}
 g - 2 scrolls of identify {unknown}
Potions
 d - 2 potions of magic {unknown}
 e - a potion of heal wounds {unknown}
 h - a potion of invisibility {unknown}
 i - a potion of brilliance {unknown}
 k - a potion of curing {unknown}
 l - 2 potions of haste {unknown}
 m - 2 potions of lignification {unknown}


   Skills:
 - Level 2.0 Fighting
 - Level 0.7 Throwing
 - Level 1.0 Armour
 - Level 2.1 Dodging
 * Level 5.8 Unarmed Combat
 + Level 3.7 Spellcasting


You couldn't memorise any spells.
You knew the following spells:

 Your Spells              Type           Power      Damage    Failure   Level
b - Beastly Appendage     Tmut           30%        N/A       4%          1
c - Wereblood             Tmut           15%        N/A       8%          2
d - Teleport Other        Tloc           15%        N/A       16%         3
e - Manifold Assault      Tloc           15%        N/A       80%         5
f - Gell's Gravitas       Tloc           7%         N/A       16%         3
g - Tukima's Dance        Hex            15%        N/A       16%         3
p - Blink                 Tloc           N/A        N/A       8%          2
q - Lesser Beckoning      Tloc           7%         N/A       16%         3
Your spell library was empty.

Dungeon Overview and Level Annotations

Branches:
Dungeon (3/15)

Altars:
Okawaru
Sif Muna


Innate Abilities, Weirdness & Mutations

You have temporarily grown beastly horns.
You are flying.
You are immune to sickness and miasma.
You are immune to poison.
Your flesh is very heat resistant. (rF++)
You are vulnerable to cold. (rC-)
You float through the air rather than walking.
You learn spells naturally, not from books.
Your magical power is your life essence.
You have superior vitality. (+4 HP)


Message History

You howl as the wereblood boils in your veins!
Your primal bloodlust has ended.
You start resting.
HP restored.
You fly downwards.
There is a stone staircase leading up here.
Casting: Wereblood (safe; 8% risk of failure)
Confirm with . or Enter, or press ? or * to list all spells.
Okay, then.
Items here: ))) [ †.
An orc is nearby!
An orc is nearby!
An orc is nearby!
An orc is nearby!
Casting: Wereblood (safe; 8% risk of failure)
Confirm with . or Enter, or press ? or * to list all spells.
You grow a pair of large bovine horns.
Casting: Beastly Appendage (safe; 4% risk of failure)
Confirm with . or Enter, or press ? or * to list all spells.
Your blood is infused with primal strength.
The orc hits you but does no damage.
You are electrocuted!
You hit the orc but do no damage.
The orc hits you with a +2 hand axe of electrocution.
* * * LOW HITPOINT WARNING * * *
You barely miss the orc. The orc barely misses you.
You hit the orc but do no damage.
The orc hits you with a +2 hand axe of electrocution.
* * * LOW HITPOINT WARNING * * *
You hit the orc. You headbutt the orc.
The orc is moderately wounded.
You barely miss the orc.
The orc is moderately wounded.
The orc hits you with a +2 hand axe of electrocution.
* * * LOW HITPOINT WARNING * * *
You barely miss the orc.
The orc is moderately wounded.
The orc hits you with a +2 hand axe of electrocution.
* * * LOW HITPOINT WARNING * * *
You are electrocuted!!
You die...

### #<# #)# #@#
#o# ###
############.#
########.#
#.o..o...g...#
#........###
#.############
#.#####....###
#.#
#.#..##....'..
#####'####
#.#..##....###
.........#
#.#..##.....##
........†########
#.............


You could see an orc.

Vanquished Creatures
  Grinder (D:3)
  An orc priest (D:3)
  An iguana (D:3)
  3 gnolls
  5 adders (D:2)
  A worm (D:2)
  4 dart slugs
  An orc (D:3)
  3 ball pythons
  5 endoplasms
  6 giant cockroaches
  7 goblins
  3 hobgoblins
  2 jackals (D:2)
  5 kobolds
  3 quokkas
  6 bats
  4 frilled lizards (D:2)
  6 rats
67 creatures vanquished.

Vanquished Creatures (others)
  A demonic plant (D:1)
1 creature vanquished.

Grand Total: 68 creatures vanquished

Notes
Turn   | Place    | Note
-------+----------+-------------------------------------------
     0 | D:1      | lunkers the Djinni Warper began the quest for the Orb.
     0 | D:1      | Reached XP level 1. HP: 18/18 MP: 0/0
   162 | D:1      | Reached XP level 2. HP: 23/23 MP: 0/0
   904 | D:1      | Reached XP level 3. HP: 26/28 MP: 0/0
   904 | D:1      | Learned a level 1 spell: Beastly Appendage
   947 | D:1      | Found a faded altar of an unknown god.
  1027 | D:1      | Reached skill level 3 in Unarmed Combat
  2145 | D:2      | Reached XP level 4. HP: 12/33 MP: 0/0
  2932 | D:2      | Reached skill level 4 in Unarmed Combat
  3165 | D:2      | Reached XP level 5. HP: 38/38 MP: 0/0
  3165 | D:2      | Learned a level 2 spell: Wereblood
  4122 | D:3      | Found an iron altar of Okawaru.
  4135 | D:3      | Noticed Grinder
  4146 | D:3      | Killed Grinder
  4147 | D:3      | Reached skill level 5 in Unarmed Combat
  4147 | D:3      | Reached XP level 6. HP: 42/43 MP: 0/0
  4417 | D:3      | Reached XP level 7. HP: 24/49 MP: 0/0
  4417 | D:3      | Learned a level 3 spell: Tukima's Dance
  4583 | D:3      | Slain by an orc

Illustrated notes

Levels and vault maps discovered:
D:1:      psy_arrival_spokes, layout_basic, shapermc_ecumenical_altar_gd
D:2:      layout_basic
D:3:      layout_basic, mainiacjoe_overflow_six_doors_small,
          mainiacjoe_overflow_24_doors, mainiacjoe_overflow_large_starburst,
          grunt_ministairs_6, uniq_grinder

Skill      XL: |  1  2  3  4  5 |
---------------+----------------+-----
Unarmed Combat | 3 4 5 |  5.8
Spellcasting   | 3 |  3.7
Fighting       | |  2.0
Throwing       | |  0.7
Armour         | |  1.0
Dodging        | |  2.1

Action                   |  1- 3 |  4- 6 |  7- 9 || total
-------------------------+-------+-------+-------++-------
Melee: Unarmed           |   186 |   118 |     6 ||   310
       Punch             |     2 |     3 |       ||     5
       Headbutt          |     1 |    10 |     1 ||    12
Throw: Boomerang         |     2 |       |       ||     2
 Cast: Beastly Appendage |     4 |    15 |     1 ||    20
       Wereblood         |       |    10 |     1 ||    11
       Blink             |       |     2 |       ||     2
Evoke: Wand              |       |    10 |       ||    10
Armor: Leather armour    |    66 |    27 |     1 ||    94
Dodge: Dodged            |   111 |    63 |     1 ||   175

Table legend: (Time is in decaauts)
 A = Elapsed time spent in this place.
 B = Non-inter-level travel time spent in this place.
 C = Inter-level travel time spent in this place.
 D = Time resting spent in this place.
 E = Time spent auto-exploring this place.
 F = Levels seen in this place.
 G = Mean time per level.
                   A        B        C        D        E       F      G
               +--------+--------+--------+--------+--------+-----+--------+
         Total |   4566 |   4520 |     46 |    460 |   3416 |   3 | 1522.0 |
       Dungeon |   4566 |   4520 |     46 |    460 |   3416 |   3 | 1522.0 |
               +--------+--------+--------+--------+--------+-----+--------+

Top non-repeatable levels by time:
     D:2: 2435 daAuts
     D:1: 1828 daAuts
     D:3: 302 daAuts
